 Dungeon Crawl Stone Soup version 0.31-a0-986-g5e6e4ef867 (webtiles) character file.

Game seed: 1265477107433997966

126 Snarg the Shooter (level 5, 0/37 HPs)
             Began as a Barachi Hexslinger on Nov 17, 2023.
             Slain by a kobold
             ... wielding a +1 whip of distortion
              (2 damage)
             ... on level 4 of the Dungeon.
             The game lasted 00:09:48 (2732 turns).

Snarg the Shooter (Barachi Hexslinger)              Turns: 2732, Time: 00:09:48

Health: 0/37       AC:  4    Str: 15    XL:     5   Next: 10%
Magic:  2/6        EV: 12    Int: 14    God:
Gold:   93         SH:  0    Dex: 16    Spells: 3/6 levels left

rFire   . . .        b - +2 dagger (elec)
rCold   . . .        (no shield)
rNeg    . . .        w - +0 leather armour
rPois   .            (no helmet)
rElec   .            (no cloak)
rCorr   .            (no gloves)
SInv    .            s - +0 pair of boots
Will    .....        (no amulet)
Stlth   +            v - +6 ring of strength
HPRegen 0.26/turn    x - ring of wizardry
MPRegen 0.10/turn

%: wizardry (x1)
@: brilliant, slow
A: amphibious, slowness 1, strong legs 1, +LOS
a: Hop


You were on level 4 of the Dungeon.
You visited 1 branch of the dungeon, and saw 4 of its levels.

You collected 93 gold pieces.

Inventory:

Hand Weapons
 a - a +2 sling
 b - a +2 dagger of electrocution (weapon)
 t - a +1 heavy long sword
Missiles
 h - 34 stones
 o - 7 poisoned darts
Armour
 c - a +0 robe
 s - a +0 pair of boots (worn)
 w - a +0 leather armour (worn)
Magical Staves
 q - a staff of poison
Jewellery
 v - a +6 ring of strength (left hand)
 x - a ring of wizardry (right hand)
Scrolls
 d - 2 scrolls of poison
 j - a scroll of immolation
 k - a scroll of fog {unknown}
 l - a scroll of amnesia {unknown}
 m - a scroll of enchant armour {unknown}
 n - a scroll of enchant weapon
 p - a scroll of blinking {unknown}
 r - a scroll of noise
Potions
 f - a potion of lignification {unknown}
 g - a potion of ambrosia {unknown}
 i - a potion of attraction {unknown}


   Skills:
 - Level 1.2 Fighting
 + Level 0.3 Short Blades
 + Level 4.4 Ranged Weapons
 + Level 2.7 Dodging
 + Level 0.1 Stealth
 - Level 1.1 Spellcasting
 + Level 3.8 Hexes
 + Level 1.1 Fire Magic


You had 3 spell levels left.
You knew the following spells:

 Your Spells              Type           Power      Damage    Failure   Level
a - Slow                  Hex            68%        N/A       2%          1
b - Jinxbite              Hex            34%        N/A       4%          2

Your spell library contained the following spells:

 Spells                   Type           Power      Damage    Failure   Level
 Confusing Touch          Hex            17%        N/A       9%          3
 Sigil of Binding         Hex            17%        N/A       9%          3
 Apportation              Tloc           2%         N/A       13%         1
 Magic Dart               Conj           4%         1d3       13%         1
 Necrotise                Necr           4%         1d4       13%         1
 Sandblast                Erth           2%         2d4       13%         1
 Summon Small Mammal      Summ           4%         N/A       13%         1
 Inner Flame              Hex/Fire       11%        N/A       14%         3
 Call Imp                 Summ           2%         N/A       19%         2
 Passwall                 Tmut/Erth      0%         N/A       19%         2
 Mephitic Cloud           Conj/Pois/Air  1%         N/A       34%         3
 Stone Arrow              Conj/Erth      2%         3d7       34%         3
 Vampiric Draining        Necr           1%         2d6       34%         3
 Cause Fear               Hex            8%         N/A       26%         4
 Dimensional Bullseye     Hex/Tloc       4%         N/A       47%         4
 Brom's Barrelling Bould  Conj/Erth      1%         2d3       75%         4


Dungeon Overview and Level Annotations

Branches:
Dungeon (4/15)
 Temple: D:4-7

Altars:

Shops:
D:4 =![

Annotations:
D:1 clr
D:2 clr
D:3 3 runed translucent doors, clr, Rebeltree's ghost, amateur DECj


Innate Abilities, Weirdness & Mutations

You are amphibious.
You cover ground slowly.
You can hop short distances.
You have an extended range of vision and can be seen from far away.


Message History

You feel sick. The kobold misses you. The adder barely misses you.
The goblin closely misses you.
Unknown command.
You feel better. The adder bites you.
You are poisoned.
The adder poisons you! The kobold misses you.
The goblin hits you but does no damage.
Your magical contamination has completely faded away.
You closely miss the adder.
The adder is severely wounded.
You feel sick. The adder bites you.
The kobold hits you with a +1 whip of distortion.
Space warps around you. The goblin hits you with a +0 dagger.
The adder bites you.
Unknown command.
You feel better.
You feel your willpower return.
The kobold hits you with a +1 whip of distortion.
Space warps around you. The goblin barely misses you.
The adder bites you but does no damage.
You closely miss the adder.
The adder is severely wounded.
The adder misses you. The goblin hits you with a +0 dagger.
The kobold closely misses you.
Unknown command.
You miss the adder.
The adder is severely wounded.
The adder closely misses you.
The kobold hits you with a +1 whip of distortion.
Space warps horribly around you!
* * * LOW HITPOINT WARNING * * *
The goblin hits you with a +0 dagger.
* * * LOW HITPOINT WARNING * * *
Okay, then.
Unknown command.
It was a potion of brilliance.
You feel clever all of a sudden. The adder bites you but does no damage.
The kobold hits you with a +1 whip of distortion.
You die...

.. ## .P..
..g## +###
g... ##
.....######
#g.. .
.⌠8.......#
#...##
.......K@.+
+....#
.⌠8.[...gS#
#....#
..........#
#...)# #
.⌠8.###.###
###.## .#
... ..
#..).. #+
## ...
#..g.. #
..# #..g..
# ...
###'## #
.... #.#


You could see an adder, a goblin and a kobold.

Vanquished Creatures
  3 gnolls (D:4)
  3 adders
  A worm (D:3)
  A dart slug (D:1)
  4 ball pythons
  3 endoplasms
  4 giant cockroaches
  6 goblins
  7 hobgoblins
  5 quokkas
  6 bats
  4 frilled lizards
  3 kobolds
  21 rats
71 creatures vanquished.

Notes
Turn   | Place    | Note
-------+----------+-------------------------------------------
     0 | D:1      | Snarg the Barachi Hexslinger began the quest for the Orb.
     0 | D:1      | Reached XP level 1. HP: 15/15 MP: 2/2
    52 | D:1      | Learned a level 1 spell: Slow
   183 | D:1      | Reached XP level 2. HP: 21/21 MP: 3/3
   187 | D:1      | Learned a level 2 spell: Jinxbite
   516 | D:1      | Noticed a shining eye
   546 | D:1      | Found a faded altar of an unknown god.
   558 | D:1      | Noticed a golden eye
   558 | D:1      | Noticed a glass eye
   559 | D:1      | Noticed a shining eye
   713 | D:1      | Reached XP level 3. HP: 26/26 MP: 1/4
   872 | D:1      | Reached skill level 3 in Ranged Weapons
  1839 | D:3      | Reached XP level 4. HP: 22/32 MP: 2/5
  2088 | D:3      | Found a runed translucent gate.
  2095 | D:3      | Found a runed translucent gate.
  2095 | D:3      | Found a runed translucent gate.
  2096 | D:3      | Noticed Rebeltree's ghost (amateur DECj)
  2511 | D:4      | Found Wuafeick's Jewellery Emporium.
  2511 | D:4      | Found Dops's Distillery.
  2511 | D:4      | Found Zuerhoh's Armour Emporium.
  2698 | D:4      | Noticed a gnoll sergeant
  2701 | D:4      | Reached skill level 4 in Ranged Weapons
  2706 | D:4      | Reached XP level 5. HP: 37/37 MP: 1/6
  2732 | D:4      | Slain by a kobold

Illustrated notes

Levels and vault maps discovered:
D:1:      enne_arrival_octagon_isle, layout_loops_corners,
          hellmonk_ecumenical_altar_watching_god, minmay_distorted
D:2:      layout_basic
D:3:      layout_basic, ebering_ghost_rock_garden, skrybe_limestone_x,
          minmay_rat_hole
D:4:      layout_basic, zin_purify, mainiacjoe_overflow_alcove_4,
          minmay_temple_entry_drinking_statues,
          nicolae_shop_distant_corner_stores, nicolae_grassy_gnolls

Skill      XL: |  1  2  3  4 |
---------------+-------------+-----
Ranged Weapons | 3 4 |  4.4
Fighting       | |  1.2
Short Blades   | |  0.3
Dodging        | |  2.7
Stealth        | |  0.1
Spellcasting   | |  1.1
Hexes          | |  3.8
Fire Magic     | |  1.1

Action                     |  1- 3 |  4- 6 || total
---------------------------+-------+-------++-------
  Melee: Dagger            |    15 |    13 ||    28
   Fire: Sling             |   131 |    58 ||   189
  Throw: Dart              |       |     1 ||     1
   Cast: Slow              |     7 |     3 ||    10
         Jinxbite          |     2 |     3 ||     5
Ability: Hop               |       |     1 ||     1
    Use: Scroll            |       |     7 ||     7
         Potion            |       |     5 ||     5
 Armour: Robe              |    34 |       ||    34
         Leather armour    |       |    39 ||    39
  Dodge: Dodged            |    46 |    27 ||    73

Table legend: (Time is in decaauts)
 A = Elapsed time spent in this place.
 B = Non-inter-level travel time spent in this place.
 C = Inter-level travel time spent in this place.
 D = Time resting spent in this place.
 E = Time spent auto-exploring this place.
 F = Levels seen in this place.
 G = Mean time per level.
                   A        B        C        D        E       F      G
               +--------+--------+--------+--------+--------+-----+--------+
         Total |   3197 |   2998 |    199 |     75 |   2332 |   4 |  799.2 |
       Dungeon |   3197 |   2998 |    199 |     75 |   2332 |   4 |  799.2 |
               +--------+--------+--------+--------+--------+-----+--------+

Top non-repeatable levels by time:
     D:1: 1134 daAuts
     D:2: 997 daAuts
     D:3: 882 daAuts
     D:4: 183 daAuts
